Map: Frost LE

Players

Tyrone

  • Race: Terran Terran
  • League: Silver
  • Spawn Location: 7:00

Fropez - Winner!

  • Race: Protoss Protoss
  • League: Gold
  • Spawn Location: 1:00

VOD

Have the link to the VOD?

Description

Time

  • Played on: Sept. 19, 2016, 6:54 p.m.
  • Length: 4:58
Show
View Real Time Build Order
Export as new Build Order

Tyrone Terran 

Build Orders:  

Get SALT Encoding   

  12  0:01  SCV  
  13  0:17  Supply Depot  
  13  0:18  SCV  
  14  0:32  SCV  
  15  0:46  Barracks  
  15  0:47  SCV  
  16  0:53  Refinery  
  16  0:59  SCV  
  17  1:12  SCV  
  18  1:24  SCV  
  19  1:43  SCV  
  20  1:56  Supply Depot  
  20  2:01  Refinery  
  20  2:02  Orbital Command  
  20  2:05  Marine  
  21  2:42  SCV  
  22  2:46  Factory  
  22  2:55  SCV  
  23  3:02  Supply Depot  
  23  3:07  Engineering Bay  
  23  3:09  SCV  
  23  3:12  Marine  
  25  3:23  SCV  
  26  3:33  Factory Reactor  
  26  3:35  Bunker  
  26  3:39  Starport  
  26  3:49  Supply Depot  
  26  3:53  Marine  
  27  4:11  Marine  
  29  4:25  Hellion x2  
  29  4:30  SCV  
  29  4:39  Marine  
  29  4:42  SCV  
Show
View Real Time Build Order
Export as new Build Order

Fropez Protoss - Winner!

Build Orders: Mass Adepts 

Get SALT Encoding   

  12  0:01  Probe (Chrono Boost)  
  13  0:14  Pylon  
  13  0:17  Probe (Chrono Boost)  
  14  0:27  Probe (Chrono Boost)  
  15  0:34  Gateway  
  15  0:38  Probe (Chrono Boost)  
  16  0:44  Assimilator  
  16  0:48  Probe (Chrono Boost)  
  17  0:59  Probe (Chrono Boost)  
  18  1:08  Pylon  
  18  1:10  Probe (Chrono Boost)  
  19  1:20  Probe (Chrono Boost), Assimilator  
  20  1:26  Cybernetics Core  
  20  1:31  Probe (Chrono Boost)  
  21  1:46  Gateway  
  21  1:50  Pylon  
  22  2:11  Warp Gate (Chrono Boost)  
  22  2:15  Pylon, Mothership Core  
  23  2:21  Pylon  
  23  2:31  Twilight Council  
  23  2:35  Pylon  
  22  2:40  Probe  
  23  2:49  Adept  
  23  2:50  Adept  
  27  2:53  Probe  
  28  3:11  Resonating Glaives (Chrono Boost)  
  28  3:16  Adept  
  28  3:17  Adept  
  32  3:37  Pylon  
  32  3:41  Pylon  
  31  4:01  Adept, Pylon  
  31  4:02  Adept  
  35  4:04  Pylon  
  35  4:30  Adept  
  35  4:31  Adept  
  39  4:49  Gateway  
  39  4:52  Adept x2  
  44  4:54  Gateway  
Tags
 
Composition
Mass Adepts
Matchup
PvT
Replay Pack
All Mines
Spawn Locations
Cross Positions
Add a new tag
Caveats
  • Supply blocks, unpowered buildings, or Contaminate may cause inaccurate times.
  • Supply counts are checked every 10 seconds.